 Dungeon Crawl Stone Soup version 0.25-a0-474-ga8a2ee3166 (webtiles) character file.

Game seed: 3101457683590263095, levelgen mode: deterministic

667928 Tubor the Pyromancer (level 27, -3/176 HPs)
             Began as a Gargoyle Earth Elementalist on Feb 4, 2020.
             Was the Champion of Vehumet.
             Slain by a storm dragon (13 damage)
             ... on level 1 of the Realm of Zot on Feb 7, 2020.
             The game lasted 03:57:01 (63535 turns).

Tubor the Pyromancer (Gargoyle Earth Elementalist) Turns: 63535, Time: 03:57:01

Health: -3/176     AC: 37    Str: 20    XL:     27
Magic:  7/44       EV: 25    Int: 38    God:    Vehumet [******]
Gold:   6532       SH:  4    Dex: 19    Spells: 4/61 levels left

rFire    + . .     SeeInvis +   P - +9 eveningstar (vorpal)
rCold    + . .     Gourm    +   (no shield)
rNeg     + . .     Faith    .   J - +4 robe of Augmentation {Str+4 Int+4 Dex+4}
rPois    ∞         Spirit   .   p - +2 hat
rElec    +         Reflect  .   U - +2 cloak {+Inv}
rCorr    .         Harm     .   F - +2 pair of gloves of Dawn {rC+ MR+ Int+3}
MR       +++++     Clarity  +   k - +2 pair of boots
Stlth    ++........             o - amulet "Sugyucs" {Gourm MR+ Dex+5}
HPRegen  0.39/turn              C - ring of see invisible
MPRegen  0.29/turn              T - ring of Vizot {Wiz rF+ Int+6}

@: corroded, flying
A: antennae 1, big wings, large bone plates 1, clarity, magic resistance 1,
negative energy resistance 1, electricity resistance, unbreathing, petrification
resistance, no potion heal 1, rot immunity, AC +20
}: 3/15 runes: barnacled, silver, gossamer
a: Stop Flying, Renounce Religion, Evoke Invisibility


You were on level 1 of the Realm of Zot.
You worshipped Vehumet.
Vehumet was exalted by your worship.
You were full.

You visited 12 branches of the dungeon, and saw 51 of its levels.
You also visited: Gauntlet and Ice Cave.

You collected 10617 gold pieces.
You spent 4085 gold pieces at shops.

Inventory:

Hand Weapons
 e - the +6 dagger of Bunlakoo {elec, *Noise rF+ Str+2}
   (You took it off a kobold on level 4 of the Dungeon)

   Occasionally, upon striking a foe, it will discharge some electrical energy
   and cause terrible harm.
   It affects your strength (+2).
   It protects you from fire.
   It may make noises in combat.
 P - a +9 vorpal eveningstar (weapon)
Missiles
 Q - 18 throwing nets (quivered)
Armour
 k - a +2 pair of boots (worn)
 p - a +2 hat (worn)
 F - the +2 pair of gloves of Dawn (worn) {rC+ MR+ Int+3}
   (You found it on level 4 of the Shoals)

   It affects your intelligence (+3).
   It protects you from cold.
   It affects your resistance to hostile enchantments.
   If you remove this armour, your AC will fall 4 points (37 -> 33)
 J - the +4 robe of Augmentation (worn) {Str+4 Int+4 Dex+4}
   (You took it off a necromancer in an ice cave)

   It affects your strength (+4).
   It affects your intelligence (+4).
   It affects your dexterity (+4).
   If you remove this armour, your AC will fall 8 points (37 -> 29)
 M - a +2 helmet of intelligence
 U - a +2 cloak of invisibility (worn)
Jewellery
 a - an uncursed ring of fire
 o - the amulet "Sugyucs" (around neck) {Gourm MR+ Dex+5}
   (You acquired it on level 3 of the Elven Halls)

   [amulet of the gourmand]

   It allows you to eat raw meat even when not hungry.
   It affects your dexterity (+5).
   It affects your resistance to hostile enchantments.
 C - a ring of see invisible (left hand)
 T - the ring of Vizot (right hand) {Wiz rF+ Int+6}
   (You found it in a Gauntlet)

   [ring of wizardry]

   It improves your spell success rate.
   It affects your intelligence (+6).
   It protects you from fire.
Wands
 b - a wand of polymorph (44)
 j - a wand of iceblast (91)
 l - a wand of digging (9)
 u - a wand of paralysis (26)
 w - a wand of disintegration (10)
 y - a wand of acid (6)
 X - a wand of clouds (1)
Scrolls
 f - 28 scrolls of teleportation
 n - 8 scrolls of fear
 t - 5 scrolls of amnesia
 A - 3 scrolls of enchant weapon
 B - 4 scrolls of blinking
 D - 4 scrolls of magic mapping
 E - 30 scrolls of identify
 O - a scroll of silence
 R - 9 scrolls of fog
 V - a scroll of summoning
 W - a scroll of brand weapon
 Y - 2 scrolls of holy word
 Z - 15 scrolls of remove curse
Potions
 c - 4 potions of mutation
 g - 18 potions of curing
 h - 7 potions of might
 i - 7 potions of ambrosia
 q - 7 potions of brilliance
 r - 5 potions of agility
 x - 4 potions of invisibility
 G - 9 potions of haste
 H - 4 potions of berserk rage
 I - 6 potions of cancellation
 N - 7 potions of resistance
 S - a potion of magic
Miscellaneous
 m - 4 phantom mirrors
 s - a lamp of fire
 z - 2 boxes of beasts
Comestibles
 d - 80 rations


   Skills:
 + Level 18.8 Fighting
 - Level 16.0 Maces & Flails
 - Level 15.2 Armour
 - Level 15.0 Dodging
 - Level 2.1 Stealth
 + Level 17.6 Spellcasting
 + Level 19.1 Conjurations
   Level 0.7 Transmutations
 - Level 22.2 Fire Magic
 * Level 7.6 Ice Magic
 + Level 20.9 Earth Magic
 - Level 6.0 Evocations


You had 4 spell levels left.
You knew the following spells:

 Your Spells              Type           Power        Failure   Level  Hunger
a - Shatter               Erth           ########..   2%          9    ######.
b - Stone Arrow           Conj/Erth      ######       0%          3    None
c - Lee's Rapid Deconstr  Erth           ########..   0%          5    None
d - Iron Shot             Conj/Erth      ########..   1%          6    None
e - Glaciate              Conj/Ice       #######...   34%         9    ######.
f - Starburst             Conj/Fire      ########..   1%          6    None
g - Ignition              Fire           ########..   1%          8    ####...
h - Blink                 Tloc           N/A          1%          2    None
i - Fire Storm            Conj/Fire      ########..   2%          9    ######.

Your spell library contained the following spells:

 Spells                   Type           Power        Failure   Level  Hunger
 Foxfire                  Conj/Fire      ####         0%          1    None
 Sandblast                Erth           ######       0%          1    None
 Shock                    Conj/Air       ####         0%          1    None
 Passwall                 Tmut/Erth      #######.     0%          2    None
 Searing Ray              Conj           ######       0%          2    None
 Conjure Flame            Conj/Fire      ########     0%          3    None
 Sticky Flame             Conj/Fire      ########     0%          4    None
 Animate Skeleton         Necr           N/A          1%          1    None
 Apportation              Tloc           ####..       1%          1    None
 Corona                   Hex            ####...      1%          1    None
 Freeze                   Ice            ####         1%          1    None
 Infusion                 Chrm           ####         1%          1    None
 Sting                    Tmut/Pois      ####         1%          1    None
 Summon Butterflies       Summ           ####....     1%          1    None
 Summon Small Mammal      Summ           ####         1%          1    None
 Corpse Rot               Necr/Air       N/A          1%          2    None
 Ensorcelled Hibernation  Hex/Ice        ######       1%          2    None
 Poisonous Vapours        Pois/Air       ####..       1%          2    None
 Shroud of Golubria       Chrm/Tloc      ####..       1%          2    None
 Swiftness                Chrm/Air       ####....     1%          2    None
 Call Canine Familiar     Summ           ####....     1%          3    None
 Confusing Touch          Hex            ####....     1%          3    None
 Dazzling Flash           Conj/Hex       ######       1%          3    None
 Gell's Gravitas          Tloc           ####......   1%          3    None
 Ignite Poison            Fire/Tmut/Pois #######.     1%          3    None
 Inner Flame              Hex/Fire       #######.     1%          3    None
 Lesser Beckoning         Tloc           ####......   1%          3    None
 Mephitic Cloud           Conj/Pois/Air  ######..     1%          3    None
 Ozocubu's Armour         Chrm/Ice       ######..     1%          3    None
 Portal Projectile        Hex/Tloc       ####..       1%          3    None
 Recall                   Summ/Tloc      N/A          1%          3    None
 Spider Form              Tmut/Pois      #####.....   1%          3    None
 Static Discharge         Conj/Air       #######.     1%          3    None
 Teleport Other           Tloc           ####....     1%          3    None
 Tukima's Dance           Hex            ####....     1%          3    None
 Vampiric Draining        Necr           ####......   1%          3    None
 Airstrike                Air            ####......   1%          4    None
 Hailstorm                Conj/Ice       #######.     1%          4    None
 Ice Form                 Ice/Tmut       ######..     1%          4    None
 Iskenderun's Mystic Bla  Conj/Tloc      #######.     1%          4    None
 Olgreb's Toxic Radiance  Pois           ####....     1%          4    None
 Petrify                  Tmut/Erth      #######.     1%          4    None
 Summon Ice Beast         Ice/Summ       ######..     1%          4    None
 Animate Dead             Necr           N/A          4%          4    None
 Cause Fear               Hex            ####......   4%          4    None
 Dispel Undead            Necr           ####....     4%          4    None
 Passage of Golubria      Tloc           N/A          4%          4    None
 Summon Lightning Spire   Summ/Air       ####....     4%          4    None
 Bolt of Magma            Conj/Fire/Erth ########..   0%          5    None
 Fireball                 Conj/Fire      ########..   0%          5    None
 Borgnjor's Vile Clutch   Necr/Erth      #######...   1%          5    None
 Irradiate                Conj/Tmut      #######...   1%          5    None
 Iskenderun's Battlesphe  Conj/Chrm      #######.     1%          5    None
 Lightning Bolt           Conj/Air       #######...   1%          5    None
 Conjure Ball Lightning   Conj/Air       #######...   1%          6    None
 Freezing Cloud           Conj/Ice/Air   #######...   1%          6    None
 Ozocubu's Refrigeration  Ice            ######....   1%          6    None
 Orb of Destruction       Conj           ########..   1%          7    ##.....
 Spellforged Servitor     Conj/Summ      #######...   1%          7    ##.....
 Metabolic Englaciation   Hex/Ice        ######....   2%          5    None
 Yara's Violent Unravell  Hex/Tmut       #####.....   2%          5    None
 Alistair's Intoxication  Tmut/Pois      #####...     9%          5    None
 Aura of Abjuration       Summ           ####......   11%         5    None
 Excruciating Wounds      Chrm/Necr      ####......   11%         5    None
 Silence                  Hex/Air        ####......   11%         5    None
 Summon Demon             Summ           ####......   11%         5    None
 Summon Forest            Summ/Tloc      ####......   11%         5    None
 Summon Mana Viper        Hex/Summ       ####....     11%         5    None
 Simulacrum               Ice/Necr       ######....   12%         6    None
 Eringya's Noxious Bog    Tmut/Pois      #####.....   43%         6    None
 Darkness                 Hex            ####......   47%         6    None
 Deflect Missiles         Chrm/Air       ####......   47%         6    None
 Dispersal                Tloc           ####......   47%         6    None
 Invisibility             Hex            ####....     47%         6    None
 Shadow Creatures         Summ           N/A          47%         6    None
 Malign Gateway           Summ/Tloc      ####......   95%         7    ##.....
 Monstrous Menagerie      Summ           ####......   95%         7    ##.....
 Summon Greater Demon     Summ           ####......   95%         7    ##.....
 Controlled Blink         Tloc           N/A          100%        8    ####...
 Death's Door             Chrm/Necr      ####......   100%        8    ####...
 Discord                  Hex            ####......   100%        8    ####...
 Disjunction              Tloc           ####......   100%        8    ####...
 Summon Horrible Things   Summ           ####......   100%        8    ####...
 Dragon's Call            Summ           ####......   100%        9    ######.
 Tornado                  Air            ####......   100%        9    ######.
 Sublimation of Blood     Necr           Unusable     N/A         2    N/A
 Statue Form              Tmut/Erth      Unusable     N/A         6    N/A

Dungeon Overview and Level Annotations

Branches:
Dungeon (15/15)            Temple (1/1) D:5            Lair (6/6) D:10
 Shoals (4/4) Lair:2       Spider (4/4) Lair:3        Slime (0/5) Lair:6
    Orc (2/2) D:12            Elf (3/3) Orc:2        Vaults (5/5) D:13
  Crypt (3/3) Vaults:2       Tomb (0/3) Crypt:3      Depths (5/5) D:15
   Hell (visited)             Zot (2/5) Depths:5      IceCv (visited)
Gauntlet (visited)
    Dis: Hell:1         Geh: Hell:1         Coc: Hell:1         Tar: Hell:1

Altars:
Ashenzari
Cheibriados
Dithmenos
Elyvilon
Fedhas
Gozag
Hepliaklqana
Kikubaaqudgha
Makhleb
Nemelex Xobeh
Qazlal
Ru
Sif Muna
Trog
Uskayaw
Vehumet
Wu Jian
Xom
Yredelemnul
Zin
Beogh
Jiyva

Shops:
D:13 ?[[*   Orc:1 [[%(   Orc:2 (**}   Elf:3 ?   Depths:1 *[

Portals:
Hell: Depths:1 Depths:2 Depths:3 Depths:4 Depths:5
Abyss: Depths:1 Depths:3 Depths:4 Depths:5
Pandemonium: Depths:3
Ziggurat: Depths:2
Trove: Vaults:4 (give 15 potions of curing)

Annotations:
Lair:6 1 runed translucent door
Orc:1 2 runed translucent doors, exclusion: orange crystal statue
Elf:2 3 runed translucent doors
Hell Geryon


Innate Abilities, Weirdness & Mutations

You are resistant to torment.
Your stone body is resilient. (AC +20)
You are immune to poison.
Your large and strong wings let you fly indefinitely.
You resist negative energy. (rN+)
You are resistant to electric shocks. (rElec)
You can survive without breathing.
You are immune to petrification.
You are immune to rotting.
You have a pair of small antennae on your head.
You are partially covered in large bone plates. (SH +4)
You possess an exceptional clarity of mind.
You are resistant to hostile enchantments. (MR+)
Potions are less effective at restoring your health.


Message History

* * * LOW HITPOINT WARNING * * *
The electric golem misses you. x2
The electric golem completely misses you.
The electric golem hits you but does no damage.
Your system partially rejects the healing.
You feel better.
The electric golem blinks!
The yellow draconian misses you.
Unknown command.
The electric golem hurls lightning at you.
The bolt of lightning misses you.
The electric golem hurls lightning at you.
The bolt of lightning hits you! You resist.
* * * LOW HITPOINT WARNING * * *
There is an open door here.
Unknown command.
Unknown command.
Okay, then.
Your system partially rejects the healing.
You feel better. You block the storm dragon's attack.
The storm dragon claws you!
You die...

#..........# .#
##..
#.........## #
.#...
#.....##.##
###########
#......
###..#####
##.........###
##..... #..##
##.#########..##
##.... #..#
##.## {
###.####..##
..## #.##
#######
##.##....# #..
##.# #%....#
##.##...# #.##
###@### ##.#....
#.# ##..dD.##
#.#....
#.#.#...§...###
#.#.#..
#.#.#...qy..#.#
#.#(#..
#†#.'8.>.>..'.#
#...#..
#.#.#...>...#.#
#####..
#.###.......#.#
#..
##.###.....## #
#.. ##.)###)###
#...


You could see an electric golem, a storm dragon (berserk), a yellow draconian
(berserk), a white draconian shifter and a moth of wrath.

Vanquished Creatures
  An ancient lich (Depths:3)
  Mara (Crypt:3)
  Mennas (Vaults:4)
  2 juggernauts
  Sojobo (Crypt:2)
  Xtahua (Crypt:3)
  Saint Roka (Depths:3)
  A caustic shrike (Depths:3)
  A curse toe (Zot:2)
  2 profane servitors (Crypt:3)
  the Enchantress (Depths:2)
  2 bone dragons
  5 golden dragons
  An electric golem (Zot:2)
  11 tentacled monstrosities
  Jorgrun (Elf:1)
  Asterion (Vaults:3)
  Rupert (D:13)
  4 liches
  2 deep elf master archers (Elf:3)
  4 titans
  2 deep elf blademasters (Elf:3)
  9 sphinxes
  3 ancient champions (Crypt:2)
  5 quicksilver dragons
  3 death cobs (Zot:1)
  A kraken (Shoals:1)
  Polyphemus (Shoals:3)
  The ghost of jatast the Spear-Bearer, an adept HuWn of Okawaru (Spider:1)
  12 shadow dragons
  7 storm dragons
  11 tengu reavers
  2 draconian monks (Zot:1)
  A revenant (Crypt:2)
  Roxanne (D:14)
  5 deep elf sorcerers
  4 draconian scorchers
  12 vault wardens
  3 ghost moths
  An iron dragon (Depths:3)
  13 fire giants
  12 frost giants
  2 cacodemons (Hell)
  A draconian knight (Zot:1)
  2 orc warlords
  7 emperor scorpions
  A balrug (Hell)
  4 draconian shifters
  3 curse skulls
  A draconian stormcaller (Zot:1)
  2 deep elf elementalists (Elf:3)
  10 ghouls
  2 war gargoyles
  10 spriggan defenders
  2 draconian annihilators
  10 ironheart preservers
  25 stone giants
  18 very ugly things
  6 caustic shrike skeletons (Depths:2)
  7 vampire knights
  Nessos (D:13)
  5 green draconians
  3 entropy weavers (Spider:3)
  A lorocyproca (Depths:3)
  A minotaur (Gauntlet)
  A dire elephant (Lair:5)
  4 red draconians
  3 black draconians
  6 deep elf annihilators
  13 spark wasps
  5 yellow draconians (Zot:1)
  4 purple draconians (Zot:1)
  5 deep elf demonologists
  5 merfolk javelineers
  3 white draconians
  2 blizzard demons (Hell)
  9 eidola
  13 ettins
  6 merfolk impalers
  14 fire dragons
  Josephine (Orc:1)
  A mummy priest (Crypt:3)
  9 deep elf death magi
  2 quicksilver dragon zombies (Crypt:3)
  7 jiangshi
  6 great orbs of eyes
  11 ogre magi
  19 yaktaur captains
  9 hydras
  Harold (D:12)
  6 deep elf high priests
  8 ice dragons
  9 rakshasas
  8 spriggan air magi
  An anaconda (shapeshifter) (Vaults:5)
  41 vault guards
  5 merfolk avatars
  6 death knights
  4 merfolk aquamancers (Shoals:4)
  27 two-headed ogres
  13 dancing weapons
  2 catoblepae
  Erica (D:11)
  17 centaur warriors
  2 satyrs
  9 deep troll shamans
  9 death yaks
  9 deep troll earth magi
  A titan zombie (Crypt:2)
  6 vampire magi
  3 orc high priests (Orc:2)
  10 spriggan berserkers
  7 tengu warriors
  3 hell hogs (Hell)
  Sonja (D:10)
  A titan skeleton (Crypt:2)
  43 spriggans
  4 soul eaters
  2 storm dragon zombies (Crypt:3)
  7 sun demons
  18 deep elf knights
  7 hell knights
  4 shadow wraiths
  5 iron trolls
  A sixfirhy (Hell)
  29 skeletal warriors
  A golden dragon zombie (Crypt:2)
  18 sea snakes
  5 flayed ghosts
  A glowing orange brain (shapeshifter) (Depths:5)
  An entropy weaver zombie (Crypt:2)
  An unseen horror (shapeshifter) (Vaults:1)
  7 spriggan druids (Depths:2)
  A deep troll (shapeshifter) (Depths:3)
  3 glowing orange brains
  A torturous demonspawn (Depths:3)
  26 deep trolls
  An anaconda zombie (Hell)
  14 harpies
  3 salamander mystics (Depths:4)
  4 unseen horrors
  2 swamp dragons
  17 deep elf archers
  4 wizards
  34 phantasmal warriors
  2 shadow dragon zombies
  3 wolf spider zombies
  13 ironbrand convokers
  A harpy (shapeshifter) (Depths:4)
  21 orc knights
  69 deep elf magi
  29 orb spiders
  10 necromancers
  2 iron dragon zombies
  56 ugly things
  37 wolf spiders
  7 orc sorcerers
  A mana viper (shapeshifter) (Vaults:5)
  3 fire giant zombies
  2 shadow dragon skeletons (Crypt:2)
  A salamander (shapeshifter) (D:15)
  A cyclops (shapeshifter) (Vaults:1)
  16 manticores
  14 merfolk sirens
  24 elephants
  14 fauns
  9 cyclopes
  2 frost giant skeletons
  13 moths of wrath
  An eye of devastation (shapeshifter) (Vaults:5)
  5 rust devils
  9 salamanders (Depths:4)
  24 vault sentinels
  5 black mambas
  5 water nymphs
  A shock serpent zombie (Crypt:3)
  A guardian serpent (shapeshifter) (Vaults:5)
  A black mamba (shapeshifter) (Depths:2)
  A fire giant skeleton (Crypt:2)
  2 torpor snails
  4 ice statues
  10 gargoyles
  15 spiny frogs
  A smoke demon (Depths:3)
  3 orange demons (Hell)
  2 dire elephant zombies
  A spiny frog (shapeshifter) (Vaults:1)
  A storm dragon simulacrum (Vaults:4)
  A death yak zombie (Crypt:2)
  Maggie (D:6)
  2 yaktaur zombies (Vaults:1)
  73 yaktaurs
  7 komodo dragons
  A kobold demonologist (Depths:1)
  A hellion (Hell)
  A spriggan zombie (Depths:3)
  4 rime drakes
  17 demonic crawlers
  2 guardian mummies (Crypt:3)
  8 ice devils (IceCv)
  13 freezing wraiths
  A purple draconian skeleton (Crypt:1)
  A minotaur zombie (Gauntlet)
  An anaconda simulacrum (Hell)
  3 tengu conjurers
  2 yaktaur skeletons
  A tormentor (Depths:3)
  3 human skeletons
  2 efreet
  28 merfolk
  46 jumping spiders
  4 red devils (Elf:1)
  A hydra zombie (Crypt:3)
  4 polar bears
  A polar bear (shapeshifter) (D:15)
  13 trolls
  A jumping spider (shapeshifter) (Vaults:4)
  A red draconian skeleton (Crypt:2)
  7 wind drakes
  An alligator zombie (Crypt:3)
  29 hornets
  12 hippogriffs
  A fire dragon zombie (Hell)
  3 hydra skeletons
  4 blink frogs (Lair:2)
  5 snapping turtles (Shoals:4)
  A hippogriff (shapeshifter) (Depths:4)
  An ice dragon zombie (Hell)
  A dream sheep (shapeshifter) (Depths:4)
  34 slime creatures
  An iron dragon simulacrum (Crypt:2)
  An ettin zombie (Crypt:3)
  15 dream sheep
  3 air elementals
  76 redbacks
  An ice dragon skeleton (Crypt:2)
  Sigmund (D:4)
  A fire dragon skeleton (Hell)
  3 wyverns
  2 vampires
  2 spriggans (shapeshifter)
  10 water elementals
  5 shadows
  16 humans (D:13)
  44 tarantellas
  63 yaks
  16 wraiths
  5 fire elementals
  A human (shapeshifter) (D:15)
  An ushabti (Crypt:3)
  2 basilisks
  A chaos spawn (Depths:3)
  5 hungry ghosts
  Eustachio (D:6)
  Menkaure (D:6)
  10 wargs
  An acid dragon (shapeshifter) (Depths:3)
  A soldier ant (shapeshifter) (Vaults:1)
  A spiny frog zombie (Hell)
  18 porcupines
  Duvessa (D:4)
  A hell hound (Gauntlet)
  10 water moccasins
  A deep troll skeleton (Crypt:1)
  2 floating eyes
  2 eyes of draining
  A sky beast (shapeshifter) (Vaults:1)
  4 ice beasts
  47 orc warriors
  5 black bears
  14 necrophages
  A black bear (shapeshifter) (Depths:3)
  5 sky beasts
  A hornet zombie (D:11)
  A snapping turtle zombie (Crypt:3)
  The ghost of Gargoyl the Skirmisher, an amateur CeAK of Lugonu (D:4)
  4 phantoms
  17 boggarts
  28 ogres
  2 manticore zombies (Crypt:3)
  24 centaurs
  34 wolves
  13 crocodiles
  5 big kobolds
  Blork the orc (D:6)
  11 bullfrogs
  A wyvern zombie (D:13)
  Dowan (D:4)
  3 earth elementals (Elf:1)
  7 wyvern skeletons (Crypt:3)
  A cyclops skeleton (Crypt:2)
  22 killer bees
  2 scorpions
  3 troll zombies (D:12)
  3 howler monkeys
  19 wights
  An electric eel (Spider:4)
  A bullfrog zombie (D:13)
  5 centaur zombies
  11 crimson imps
  9 hounds
  4 quasits (Depths:3)
  4 draconian simulacra (IceCv)
  A soldier ant zombie (Crypt:2)
  2 bullfrog skeletons
  5 jellies
  32 orc priests
  5 centaur skeletons
  A gnoll shaman (D:9)
  An iron imp (Depths:3)
  6 iguanas
  2 demonspawn skeletons (Crypt:2)
  32 orc wizards
  15 worker ants
  3 troll simulacra (IceCv)
  2 centaur simulacra
  An acid dragon zombie (Crypt:1)
  A crocodile skeleton (Crypt:1)
  5 ogre zombies (D:12)
  A hound zombie (D:9)
  2 hound skeletons
  4 worker ant zombies
  10 adders
  A scorpion zombie (Crypt:2)
  5 gnolls (D:9)
  2 ogre simulacra (IceCv)
  A swamp drake skeleton (Crypt:1)
  8 shadow imps
  3 white imps
  3 oozes
  2 adder skeletons
  A barachi skeleton (Crypt:1)
  2 dart slugs
  3 leopard geckos
  138 orcs
  2 giant cockroaches
  2 goblins
  5 hobgoblins
  9 jackals
  4 quokkas
  A ball python (D:4)
  A ball python zombie (Crypt:1)
  10 bats
  5 frilled lizards
  2 goblin skeletons (D:12)
  4 goblin zombies (D:12)
  3 hobgoblin skeletons (D:12)
  A hobgoblin zombie (D:12)
  12 kobolds
  A leopard gecko skeleton (D:7)
  An orc skeleton (D:12)
  14 orc zombies (D:12)
  2 quokka skeletons
  A quokka zombie (D:9)
  5 rats
  3 bushes (Depths:2)
  2 crawling corpses (Depths:3)
  36 fire vortices
  A fungus (Lair:2)
  6 plants
  2 withered plants (Crypt:3)
2771 creatures vanquished.

Vanquished Creatures (collateral kills)
  A quicksilver dragon (Depths:3)
  A shadow dragon (Vaults:5)
  A storm dragon (Depths:3)
  2 ironheart preservers
  A spark wasp (shapeshifter) (Depths:4)
  A white draconian (Zot:1)
  An ice dragon (Depths:3)
  A death knight (Crypt:3)
  A two-headed ogre (Vaults:3)
  A death yak (Depths:2)
  An ogre mage (Vaults:2)
  A flayed ghost (Depths:4)
  An ironbrand convoker (Vaults:2)
  An iron dragon zombie (Depths:3)
  An ugly thing (Vaults:1)
  A deep elf mage (Vaults:5)
  A yaktaur (Depths:3)
  A hornet (Depths:3)
  3 spriggans
  A boggart (Depths:3)
  An orc wizard (Vaults:1)
  An orc priest (Vaults:4)
  An orc (Depths:3)
26 creatures vanquished.

Vanquished Creatures (others)
  A quicksilver dragon (Zot:1)
  A draconian knight (Zot:1)
  An emperor scorpion (Spider:4)
  An orb spider (Spider:1)
  A moth of wrath (Zot:1)
  2 demonic crawlers (Spider:1)
  2 tarantellas
  A spiny frog zombie (Hell)
  An iron imp (Hell)
  An orc (Orc:2)
  159 fire vortices
  4 fungi
  13 plants
  10 tentacles (Shoals:1)
  3 withered plants (Crypt:3)
201 creatures vanquished.

Grand Total: 2998 creatures vanquished

Notes
Turn   | Place    | Note
-------+----------+-------------------------------------------
     0 | D:1      | Tubor the Gargoyle Earth Elementalist began the quest for
                  | the Orb.
     0 | D:1      | Reached XP level 1. HP: 10/10 MP: 3/3
   299 | D:1      | Reached XP level 2. HP: 15/15 MP: 5/5
  1202 | D:2      | Found a faded altar of an unknown god.
  1223 | D:2      | Reached XP level 3. HP: 19/19 MP: 4/7
  1301 | D:2      | Reached XP level 4. HP: 21/24 MP: 5/8
  1321 | D:2      | Reached skill level 5 in Earth Magic
  1332 | D:2      | Reached XP level 5. HP: 15/28 MP: 4/10
  1483 | D:2      | Learned a level 3 spell: Stone Arrow
  1493 | D:2      | Learned a level 5 spell: Lee's Rapid Deconstruction
  1648 | D:2      | Found a blossoming altar of Fedhas.
  1777 | D:3      | Reached skill level 1 in Conjurations
  1869 | D:3      | Reached XP level 6. HP: 32/32 MP: 12/12
  2209 | D:3      | Gained mutation: Your flesh is cold resistant. (rC+)
                  | [potion of mutation]
  2209 | D:3      | Gained mutation: You have a beak for a mouth. [potion of
                  | mutation]
  2342 | D:3      | Noticed an orc warrior
  2358 | D:3      | Killed an orc warrior
  2611 | D:4      | Reached XP level 7. HP: 25/36 MP: 1/13
  2773 | D:4      | Noticed Sigmund
  2783 | D:4      | Killed Sigmund
  2815 | D:4      | Found a shattered altar of Ashenzari.
  2843 | D:4      | Noticed Dowan
  2853 | D:4      | Noticed Duvessa
  2858 | D:4      | Killed Duvessa
  2858 | D:4      | Reached skill level 5 in Spellcasting
  2862 | D:4      | Killed Dowan
  2862 | D:4      | Reached skill level 1 in Fighting
  2862 | D:4      | Reached skill level 1 in Armour
  2999 | D:4      | Reached skill level 1 in Maces & Flails
  2999 | D:4      | Reached XP level 8. HP: 43/43 MP: 9/15
  3267 | D:4      | Found a runed translucent gate.
  3268 | D:4      | Found a runed translucent gate.
  3269 | D:4      | Found a runed translucent gate.
  3272 | D:4      | Noticed Gargoyl's ghost (amateur CeAK)
  3274 | D:4      | Identified the +6 dagger of Bunlakoo {elec, *Noise rF+
                  | Str+2}
  3294 | D:4      | Killed Gargoyl's ghost
  3480 | D:4      | Found a hazy altar of Hepliaklqana.
  3569 | D:4      | Reached skill level 1 in Evocations
  3837 | D:5      | Entered Level 5 of the Dungeon
  3988 | D:5      | Found an ancient bone altar of Kikubaaqudgha.
  4039 | D:5      | Reached XP level 9. HP: 49/49 MP: 17/17
  4105 | D:5      | Found a staircase to the Ecumenical Temple.
  4159 | Temple   | Entered the Ecumenical Temple
  4170 | Temple   | Became a worshipper of Vehumet
  4245 | D:5      | Found a white marble altar of Elyvilon.
  4407 | D:5      | Found a blossoming altar of Fedhas.
  4462 | D:6      | Noticed Maggie
  4491 | D:6      | Noticed Eustachio
  4515 | D:6      | Reached skill level 5 in Conjurations
  4515 | D:6      | Killed Eustachio
  4523 | D:6      | Killed Maggie
  4533 | D:6      | Reached * piety under Vehumet
  4533 | D:6      | Offered knowledge of Shock by Vehumet.
  4550 | D:6      | Noticed Menkaure
  4555 | D:6      | Killed Menkaure
  4677 | D:6      | Reached XP level 10. HP: 57/57 MP: 19/19
  4693 | D:6      | Noticed Blork the orc
  4701 | D:6      | Killed Blork the orc
  4842 | D:6      | Found a hide-covered altar of Uskayaw.
  4845 | D:6      | Found a burning altar of Makhleb.
  4851 | D:6      | Found a white marble altar of Elyvilon.
  4851 | D:6      | Found a stormy altar of Qazlal.
  5083 | D:7      | Learned a level 2 spell: Blink
  5361 | D:7      | Found a shimmering altar of Xom.
  5409 | D:7      | Found a bloodstained altar of Trog.
  5616 | D:7      | Reached ** piety under Vehumet
  5670 | D:7      | Offered knowledge of Freeze by Vehumet.
  6353 | D:8      | Reached skill level 5 in Fighting
  6356 | D:8      | Offered knowledge of Mephitic Cloud by Vehumet.
  6531 | D:8      | Learned a level 3 spell: Mephitic Cloud
  6760 | D:9      | Reached skill level 5 in Armour
  6771 | D:9      | Reached *** piety under Vehumet
  6954 | D:9      | Reached XP level 11. HP: 57/64 MP: 21/21
  6975 | D:9      | Found the +5 scythe "Finisher" {speed, eviscerate}
  7079 | D:9      | Offered knowledge of Static Discharge by Vehumet.
  7085 | D:9      | Noticed a centaur warrior
  7095 | D:9      | Killed a centaur warrior
  7095 | D:9      | Reached skill level 5 in Maces & Flails
  7171 | D:9      | Noticed a two-headed ogre
  7327 | D:9      | Killed a two-headed ogre
  7327 | D:9      | Reached skill level 5 in Dodging
  7661 | D:10     | Entered Level 10 of the Dungeon
  7668 | D:9      | Reached **** piety under Vehumet
  7675 | D:10     | Offered knowledge of Airstrike by Vehumet.
  7918 | D:10     | Noticed Sonja
  7926 | D:10     | Killed Sonja
  7926 | D:10     | Reached skill level 10 in Earth Magic
  8136 | D:10     | Found a staircase to the Lair.
  8348 | D:11     | Reached skill level 5 in Evocations
  8449 | D:11     | Noticed a brown ugly thing
  8463 | D:11     | Killed a brown ugly thing
  8671 | D:11     | Found a frozen archway.
  8679 | D:11     | Reached XP level 12. HP: 64/71 MP: 23/23
  8720 | IceCv    | Entered an ice cave
  9492 | IceCv    | Got faintly glowing pearl dragon scales
  9523 | IceCv    | Reached ***** piety under Vehumet
  9523 | IceCv    | Offered knowledge of Hailstorm by Vehumet.
 10988 | D:12     | Noticed Erica
 11005 | D:11     | Killed Erica
 11110 | D:12     | Noticed Harold
 11118 | D:12     | Killed Harold
 11120 | D:12     | Noticed Urug
 11121 | D:12     | Noticed Urug
 11121 | D:12     | Urug changed into Urug the sea snake
 11478 | D:12     | Offered knowledge of Fulminant Prism by Vehumet.
 11478 | D:12     | Reached XP level 13. HP: 72/78 MP: 11/25
 11605 | D:12     | Found a staircase to the Orcish Mines.
 11616 | D:12     | Identified the Compendium of Warped Bewitchment
 11838 | D:12     | Killed Urug the sea snake
 12330 | D:13     | Found a gate to the Vaults.
 12330 | D:13     | Noticed Nessos
 12330 | D:13     | Noticed Rupert
 12382 | D:13     | Found Vetz's Antique Armour Shoppe.
 12643 | D:13     | Found Uzias's General Store.
 12716 | D:13     | Killed Rupert
 13316 | D:13     | Killed Nessos
 13517 | D:13     | Found Regogedd's Antique Armour Emporium.
 13520 | D:13     | Bought a glowing cloak for 270 gold pieces
 13529 | D:13     | Found Saijisius's Magic Scroll Boutique.
 13534 | D:13     | Bought a scroll of immolation for 59 gold pieces
 13824 | D:14     | Noticed a war gargoyle
 13836 | D:14     | Offered knowledge of Orb of Destruction by Vehumet.
 13837 | D:14     | Reached skill level 10 in Conjurations
 13839 | D:14     | Gained mutation: Your large and strong wings let you fly
                  | indefinitely. [Gargoyle growth]
 13839 | D:14     | Reached XP level 14. HP: 53/86 MP: 11/27
 14149 | D:14     | Learned a level 7 spell: Orb of Destruction
 14586 | D:14     | Killed a war gargoyle
 14789 | D:14     | Identified Roxanne's Volume of Moulding
 14789 | D:14     | Noticed Roxanne
 14811 | D:14     | Killed Roxanne
 14891 | D:14     | Reached skill level 10 in Fighting
 15177 | Lair:1   | Entered Level 1 of the Lair of Beasts
 15460 | Lair:1   | Reached skill level 10 in Spellcasting
 15659 | Lair:1   | You fall into a shaft and drop 1 floor!
 15871 | Lair:2   | Found a gate leading to a gauntlet.
 15880 | Gauntlet | Entered a Gauntlet
 15880 | Gauntlet | Found a transporter.
 15890 | Gauntlet | Found a transporter.
 15900 | Gauntlet | Found a transporter.
 15905 | Gauntlet | Found a transporter.
 15909 | Gauntlet | Found a transporter.
 15927 | Gauntlet | Found a transporter.
 15937 | Gauntlet | Found a transporter.
 15947 | Gauntlet | Found a transporter.
 15961 | Gauntlet | Found a transporter.
 15961 | Gauntlet | Found a transporter.
 15975 | Gauntlet | Found a transporter.
 15988 | Gauntlet | Found a transporter.
 15997 | Gauntlet | Found a transporter.
 15997 | Gauntlet | Found a transporter.
 16281 | Gauntlet | Offered knowledge of Starburst by Vehumet.
 16294 | Gauntlet | Learned a level 6 spell: Starburst
 16301 | Gauntlet | Got a slimy jade ring
 16302 | Gauntlet | Identified the ring of Vizot {Wiz rF+ Int+6} (You found it
                  | in a Gauntlet)
 16328 | Gauntlet | Reached skill level 1 in Fire Magic
 16347 | Gauntlet | Reached skill level 2 in Fire Magic
 16368 | Gauntlet | Identified the Disquisition on the Birds and Aid
 16368 | Gauntlet | Identified the Volume of Dark Magic and Boosts
 16539 | Lair:1   | Reached skill level 3 in Fire Magic
 16926 | Lair:2   | Reached skill level 4 in Fire Magic
 16988 | Lair:2   | Reached skill level 5 in Fire Magic
 17126 | Lair:2   | Found a staircase to the Shoals.
 17788 | Lair:3   | Reached skill level 6 in Fire Magic
 17789 | Lair:3   | Reached XP level 15. HP: 84/92 MP: 29/29
 17873 | Lair:3   | Found a hole to the Spider Nest.
 18178 | Lair:3   | Reached skill level 7 in Fire Magic
 18884 | Lair:4   | Reached skill level 8 in Fire Magic
 19225 | Lair:4   | Found a blossoming altar of Fedhas.
 19615 | Lair:5   | Reached skill level 9 in Fire Magic
 20095 | Lair:5   | Reached skill level 10 in Fire Magic
 20202 | Lair:6   | Entered Level 6 of the Lair of Beasts
 20227 | Lair:6   | Offered knowledge of Iron Shot by Vehumet.
 20401 | Lair:6   | Reached skill level 11 in Fire Magic
 20644 | Lair:6   | Reached skill level 12 in Fire Magic
 20959 | Lair:6   | Found a runed translucent door.
 20959 | Lair:6   | Found a viscous altar of Jiyva.
 20962 | Lair:6   | Noticed an acid blob
 20962 | Lair:6   | Noticed an acid blob
 20963 | Lair:6   | Found a staircase to the Slime Pits.
 21006 | Lair:6   | Reached XP level 16. HP: 97/97 MP: 18/30
 21606 | D:11     | Lost mutation: You have a beak for a mouth. [potion of
                  | mutation]
 21606 | D:11     | Lost mutation: Your flesh is cold resistant. (rC+) [potion
                  | of mutation]
 21606 | D:11     | Gained mutation: Your mind is acute. (Int +2) [potion of
                  | mutation]
 21606 | D:11     | Gained mutation: Your magical capacity is low. (-10% MP)
                  | [potion of mutation]
 21606 | D:11     | Gained mutation: Your muscles are strong. (Str +2) [potion
                  | of mutation]
 21667 | Orc:1    | Entered Level 1 of the Orcish Mines
 21668 | Orc:1    | Found Fawophov's Weapon Shop.
 21678 | Orc:1    | Found a runed translucent door.
 21680 | Orc:1    | Found Cithror's Food Shop.
 21689 | Orc:1    | Found a runed translucent door.
 21785 | Orc:1    | Found the +10 large shield of Ignorance {rN+ Int-4}
 21855 | Orc:1    | Noticed Josephine
 21862 | Orc:1    | Killed Josephine
 21862 | Orc:1    | Reached skill level 13 in Fire Magic
 22090 | Orc:1    | Found a roughly hewn altar of Beogh.
 22109 | Orc:1    | Found a roughly hewn altar of Beogh.
 22312 | Orc:2    | Entered Level 2 of the Orcish Mines
 22392 | Orc:1    | Found Vuroov's Armour Shoppe.
 22392 | Orc:1    | Found Hutterue's Antique Armour Shoppe.
 22397 | Orc:1    | Bought a +1 cloak of invisibility for 247 gold pieces
 22573 | Orc:2    | Reached ****** piety under Vehumet
 22593 | Orc:2    | Learned a level 6 spell: Iron Shot
 22622 | Orc:2    | Found a staircase to the Elven Halls.
 22790 | Orc:2    | Offered knowledge of Spellforged Servitor by Vehumet.
 22794 | Orc:2    | Reached skill level 14 in Fire Magic
 23304 | Orc:2    | Found Avveic's General Store.
 23304 | Orc:2    | Found Xuphe's Weapon Shop.
 23314 | Orc:2    | Found Rulap's General Store.
 23314 | Orc:2    | Found Oraexur's Gadget Shoppe.
 23332 | Orc:2    | Bought a scroll of teleportation for 51 gold pieces
 23332 | Orc:2    | Bought a scroll of magic mapping for 59 gold pieces
 23332 | Orc:2    | Bought a potion of agility for 68 gold pieces
 23332 | Orc:2    | Bought a scroll of identify for 34 gold pieces
 23332 | Orc:2    | Bought a scroll of identify for 34 gold pieces
 23332 | Orc:2    | Bought a scroll of teleportation for 51 gold pieces
 23341 | Orc:2    | Bought a potion of might for 60 gold pieces
 23341 | Orc:2    | Bought a scroll of identify for 30 gold pieces
 23341 | Orc:2    | Bought a scroll of identify for 30 gold pieces
 23341 | Orc:2    | Bought a potion of magic for 120 gold pieces
 23341 | Orc:2    | Bought a scroll of identify for 30 gold pieces
 23439 | D:13     | Bought a scroll of acquirement for 884 gold pieces
 23441 | D:13     | Identified Tubor's Papyrus of Lethal Summoning (You
                  | acquired it on level 13 of the Dungeon)
 23723 | D:15     | Entered Level 15 of the Dungeon
 24037 | D:15     | Reached skill level 15 in Fire Magic
 24489 | D:15     | Found a staircase to the Depths.
 24763 | Spider:1 | Entered Level 1 of the Spider Nest
 24965 | Spider:1 | Found a transporter.
 24965 | Spider:1 | Noticed jatast's ghost (adept HuWn)
 25059 | Spider:1 | Reached skill level 16 in Fire Magic
 25072 | Spider:1 | Offered knowledge of Conjure Ball Lightning by Vehumet.
 25095 | Spider:1 | Identified Fikeaxy's Guide on Battle Magic
 25227 | Spider:1 | Reached XP level 17. HP: 96/102 MP: 23/28
 25229 | Spider:1 | Found a transporter.
 25550 | Spider:1 | Killed jatast's ghost
 25706 | Spider:1 | Got a brightly glowing lead amulet
 25754 | Spider:1 | Identified the amulet of the Hart {Harm *Drain Int+7} (You
                  | found it on level 1 of the Spider Nest)
 26333 | Spider:2 | Offered knowledge of Fire Storm by Vehumet.
 26333 | Spider:2 | Offered knowledge of Glaciate by Vehumet.
 26333 | Spider:2 | Offered knowledge of Ignition by Vehumet.
 26484 | Spider:2 | Reached XP level 18. HP: 108/108 MP: 29/29
 26714 | Spider:2 | Learned a level 8 spell: Ignition
 27232 | Spider:3 | Reached skill level 10 in Maces & Flails
 27232 | Spider:3 | Reached skill level 17 in Fire Magic
 27787 | Spider:4 | Entered Level 4 of the Spider Nest
 27842 | Spider:4 | Reached XP level 19. HP: 61/115 MP: 30/30
 28339 | Spider:4 | Got a gossamer rune of Zot
 28899 | Shoals:1 | Entered Level 1 of the Shoals
 30866 | Shoals:3 | Noticed Polyphemus
 30879 | Shoals:3 | Killed Polyphemus
 31032 | Shoals:3 | Reached skill level 18 in Fire Magic
 31224 | Shoals:3 | Reached XP level 20. HP: 122/122 MP: 27/32
 31533 | Shoals:4 | Entered Level 4 of the Shoals
 31862 | Shoals:4 | Learned a level 9 spell: Fire Storm
 32272 | Shoals:4 | Identified the +2 pair of gloves of Dawn {rC+ MR+ Int+3}
                  | (You found it on level 4 of the Shoals)
 32720 | Shoals:4 | Got a barnacled rune of Zot
 32889 | Shoals:4 | Reached skill level 10 in Dodging
 33259 | Elf:1    | Entered Level 1 of the Elven Halls
 33260 | Elf:1    | Upgraded the game from 0.25-a0-464-g3004169c2b to
                  | 0.25-a0-471-g78e40d7af6
 33469 | Elf:1    | Identified the Papyrus of Creation
 34261 | Elf:1    | Noticed Jorgrun
 34269 | Elf:1    | Killed Jorgrun
 35483 | Elf:2    | Found a runed translucent gate.
 35483 | Elf:2    | Found a runed translucent gate.
 35487 | Elf:2    | Found a runed translucent gate.
 35620 | Elf:2    | Reached skill level 15 in Earth Magic
 35747 | Elf:3    | Entered Level 3 of the Elven Halls
 35858 | Elf:3    | Found Pokev's Magic Scroll Shoppe.
 35865 | Elf:3    | Bought a scroll of acquirement for 936 gold pieces
 35865 | Elf:3    | Identified the amulet "Sugyucs" {Gourm MR+ Dex+5} (You
                  | acquired it on level 3 of the Elven Halls)
 35888 | Elf:3    | Reached XP level 21. HP: 126/128 MP: 28/33
 36542 | Elf:3    | Reached skill level 19 in Fire Magic
 37053 | Elf:3    | Identified the +7 spear of Fedhas's Generosity {antimagic,
                  | +Inv}
 37453 | Vaults:1 | Entered Level 1 of the Vaults
 38629 | Vaults:1 | Reached XP level 22. HP: 136/136 MP: 28/35
 40021 | Vaults:2 | Found the +9 heavy crossbow "Sniper" {vorpal, Acc+∞ SInv}
 40047 | Vaults:2 | Identified the Collected Works on Ashen Summoning
 40451 | Vaults:2 | Reached skill level 20 in Fire Magic
 40659 | Vaults:2 | Found a radiant altar of Vehumet.
 40884 | Vaults:2 | Found a staircase to the Crypt.
 41505 | Vaults:3 | Noticed Asterion
 41510 | Vaults:3 | Killed Asterion
 41848 | Vaults:3 | Reached XP level 23. HP: 128/142 MP: 36/36
 42484 | Vaults:4 | Identified the +1 hunting sling of Guilt {speed, *Contam
                  | rF+ rN+++ Stlth+}
 43326 | Vaults:4 | Identified the Tome of Envenoming and Battle Magic
 43382 | Vaults:4 | Found a portal to a secret trove of treasure.
 43425 | Vaults:4 | Learned a level 9 spell: Shatter
 43456 | Vaults:4 | Noticed Mennas
 43482 | Vaults:4 | Killed Mennas
 43540 | Vaults:4 | Identified the +2 hunting sling "Worm" {flame, Dex+2}
 43541 | Vaults:4 | Reached skill level 15 in Conjurations
 43582 | Vaults:4 | Gained mutation: Scrolls take you a little longer to read.
                  | [mutagenic glow]
 43598 | Vaults:4 | Lost mutation: Scrolls take you a little longer to read.
                  | [potion of mutation]
 43598 | Vaults:4 | Lost mutation: Your muscles are strong. (Str +2) [potion of
                  | mutation]
 43598 | Vaults:4 | Lost mutation: Your magical capacity is low. (-10% MP)
                  | [potion of mutation]
 43598 | Vaults:4 | Gained mutation: Scrolls take you a little longer to read.
                  | [potion of mutation]
 43598 | Vaults:4 | Gained mutation: You have large cloven feet. [potion of
                  | mutation]
 43598 | Vaults:4 | Gained mutation: You are partially covered in rugged brown
                  | scales. (AC +1, +3% HP) [potion of mutation]
 43599 | Vaults:4 | Lost mutation: Scrolls take you a little longer to read.
                  | [potion of mutation]
 43599 | Vaults:4 | Lost mutation: You are partially covered in rugged brown
                  | scales. (AC +1, +3% HP) [potion of mutation]
 43599 | Vaults:4 | Lost mutation: Your mind is acute. (Int +2) [potion of
                  | mutation]
 43599 | Vaults:4 | Lost mutation: You have large cloven feet. [potion of
                  | mutation]
 43599 | Vaults:4 | Gained mutation: You are agile. (Dex +2) [potion of
                  | mutation]
 43599 | Vaults:4 | Gained mutation: Your movements are slightly less
                  | encumbered by armour. (ER -2) [potion of mutation]
 43599 | Vaults:4 | Gained mutation: Potions are less effective at restoring
                  | your health. [potion of mutation]
 43599 | Vaults:4 | Gained mutation: You have a pair of small antennae on your
                  | head. [potion of mutation]
 43600 | Vaults:4 | Lost mutation: You are agile. (Dex +2) [potion of mutation]
 43600 | Vaults:4 | Lost mutation: You have a pair of small antennae on your
                  | head. [potion of mutation]
 43600 | Vaults:4 | Gained mutation: You tend to lose your temper in combat.
                  | [potion of mutation]
 43600 | Vaults:4 | Gained mutation: Armour fits poorly on your strangely
                  | shaped body. [potion of mutation]
 43600 | Vaults:4 | Gained mutation: Your mind is acute. (Int +2) [potion of
                  | mutation]
 43968 | D:13     | Bought a potion of mutation for 120 gold pieces
 43968 | D:13     | Lost mutation: You tend to lose your temper in combat.
                  | [potion of mutation]
 43968 | D:13     | Lost mutation: Your movements are slightly less encumbered
                  | by armour. (ER -2) [potion of mutation]
 43968 | D:13     | Gained mutation: You are occasionally teleported next to
                  | monsters. [potion of mutation]
 43968 | D:13     | Gained mutation: You possess an exceptional clarity of
                  | mind. [potion of mutation]
 43968 | D:13     | Gained mutation: You are resistant to hostile enchantments.
                  | (MR+) [potion of mutation]
 44521 | Vaults:5 | Entered Level 5 of the Vaults
 44524 | Vaults:5 | Reached XP level 24. HP: 149/149 MP: 41/41
 44524 | Vaults:5 | Reached skill level 15 in Fighting
 44537 | Vaults:5 | Reached skill level 21 in Fire Magic
 45440 | Vaults:5 | Identified the +7 flail "Beetleslayer" {freeze, *Contam
                  | Int+5}
 45649 | Vaults:5 | Identified the amulet of the Endless Expanse {Spirit rC+
                  | Str+3}
 45696 | Vaults:5 | Got a silver rune of Zot
 46393 | Vaults:5 | Reached XP level 25. HP: 146/156 MP: 41/41
 47105 | Crypt:1  | Entered Level 1 of the Crypt
 48528 | Crypt:2  | Noticed Sojobo
 48530 | Crypt:2  | Killed Sojobo
 49588 | Crypt:3  | Entered Level 3 of the Crypt
 49590 | Crypt:3  | Upgraded the game from 0.25-a0-471-g78e40d7af6 to
                  | 0.25-a0-474-ga8a2ee3166
 49699 | Crypt:3  | Noticed Mara
 49736 | Crypt:3  | Killed Mara
 49747 | Crypt:3  | Noticed Xtahua
 49772 | Crypt:3  | Killed Xtahua
 49772 | Crypt:3  | Reached skill level 22 in Fire Magic
 50273 | Crypt:3  | Found a staircase to the Tomb.
 50282 | Crypt:3  | Lost mutation: Your mind is acute. (Int +2) [potion of
                  | mutation]
 50282 | Crypt:3  | Lost mutation: Armour fits poorly on your strangely shaped
                  | body. [potion of mutation]
 50282 | Crypt:3  | Lost mutation: You are occasionally teleported next to
                  | monsters. [potion of mutation]
 50282 | Crypt:3  | Gained mutation: You have a pair of small antennae on your
                  | head. [potion of mutation]
 50282 | Crypt:3  | Gained mutation: You are partially covered in large bone
                  | plates. (SH +4) [potion of mutation]
 51019 | Crypt:3  | Found a basalt altar of Yredelemnul.
 51034 | Crypt:3  | Identified the +3 scythe of the Everdark {pain, -Tele rC++
                  | rN+ Int+2}
 51049 | Crypt:3  | Reached skill level 15 in Spellcasting
 51427 | Crypt:3  | Identified the +1 robe of Gluttony {+Blink Int+3 Dex-5
                  | Slay+2}
 51606 | Crypt:3  | Reached XP level 26. HP: 62/163 MP: 1/42
 52045 | Crypt:3  | Identified Ekemn's Almanac of Black Rites
 52123 | Crypt:3  | Reached skill level 15 in Maces & Flails
 52637 | Crypt:3  | Found a basalt altar of Yredelemnul.
 52971 | Crypt:3  | Found a staircase to the Tomb.
 53545 | Depths:1 | Entered Level 1 of the Depths
 53576 | Depths:1 | Found Athrirer's Assorted Antiques.
 53576 | Depths:1 | Found Qavurac's Distillery.
 53586 | Depths:1 | Identified the +1 hat of Ufoikuer {Str+4} (You found it on
                  | level 1 of the Depths)
 53596 | Depths:1 | Found Uchauss's Antique Armour Shoppe.
 53600 | Depths:1 | Bought a scroll of summoning for 294 gold pieces
 53602 | Depths:1 | Bought a potion of might for 48 gold pieces
 53602 | Depths:1 | Bought a potion of mutation for 96 gold pieces
 53602 | Depths:1 | Bought a potion of invisibility for 96 gold pieces
 53602 | Depths:1 | Bought a potion of brilliance for 48 gold pieces
 53602 | Depths:1 | Bought a potion of mutation for 96 gold pieces
 53602 | Depths:1 | Bought a potion of haste for 120 gold pieces
 53602 | Depths:1 | Bought a potion of agility for 48 gold pieces
 53602 | Depths:1 | Bought a potion of magic for 96 gold pieces
 53602 | Depths:1 | Bought a potion of berserk rage for 60 gold pieces
 53731 | Depths:1 | Reached skill level 10 in Armour
 54004 | Depths:1 | Found a gateway to Hell.
 54207 | Depths:1 | Found a one-way gate to the infinite horrors of the Abyss.
 54576 | Depths:2 | Reached XP level 27. HP: 90/169 MP: 35/42
 54945 | Depths:2 | Identified the cursed +1 robe of the Flute {Int+6 SInv}
 54945 | Depths:2 | Identified the cursed +0 buckler of Magic {rElec}
 55116 | Depths:2 | Identified the +7 whip of Abuse {vamp, rF+ rC+}
 55135 | Depths:2 | Noticed the Enchantress
 55136 | Depths:2 | Killed the Enchantress
 55157 | Depths:2 | Identified the cursed +8 giant club "Yddute" {vorpal, MR+
                  | Dex+2}
 55157 | Depths:2 | Identified the cursed +1 giant club of Integrity {vorpal,
                  | rC+ rN+}
 55520 | Depths:2 | Identified the cursed +0 cloak of Vehumet's Castigation
                  | {rPois Str+3} (You found it on level 2 of the Depths)
 56111 | Depths:2 | Found a gateway to a ziggurat.
 56200 | Depths:2 | Found a bloodstained altar of Trog.
 57210 | Depths:3 | Noticed Saint Roka
 57214 | Depths:3 | Killed Saint Roka
 57781 | Depths:3 | Noticed an ancient lich
 57786 | Depths:3 | Killed an ancient lich
 57829 | Depths:3 | Noticed a juggernaut
 57832 | Depths:3 | Killed a juggernaut
 57865 | Depths:3 | Found the +8 mithril axe "Arga" {speed, MR+}
 58034 | Depths:3 | Found a one-way gate leading to the halls of Pandemonium.
 59334 | Hell     | Entered the Vestibule of Hell
 59334 | Hell     | Noticed Geryon
 60044 | Depths:4 | Noticed a juggernaut
 60048 | Depths:4 | Killed a juggernaut
 60330 | Depths:4 | Reached skill level 15 in Armour
 61144 | Depths:4 | Learned a level 9 spell: Glaciate
 61182 | Depths:5 | Entered Level 5 of the Depths
 61367 | Depths:5 | Reached skill level 1 in Ice Magic
 61986 | Depths:5 | Found a gate to the Realm of Zot.
 62629 | Zot:1    | Entered Level 1 of the Realm of Zot
 62640 | Zot:1    | Reached skill level 5 in Ice Magic
 62825 | Zot:1    | You are sucked into a shaft and drop 1 floor!
 62859 | Zot:2    | Reached skill level 15 in Dodging
 63527 | Zot:1    | HP: 7/176 [acid (16)]
 63532 | Zot:1    | HP: 7/176 [electric golem (4)]
 63535 | Zot:1    | Slain by a storm dragon

Levels and vault maps discovered:
D:1:      mrwooster_arrival_statue, layout_basic
D:2:      layout_loops_cross, fedhas_altar_4, chequers_ecumenical_altar_simple,
          minmay_misc_feat_secret_circle, kennysheep_donut
D:3:      layout_loops_ring, first_ration
D:4:      layout_gridville, ashenzari_altar_1, lemuel_doored_altar,
          gammafunk_ghost_nasty_kobolds, kennysheep_generic_room_5,
          uniq_sigmund, uniq_duvessa
D:5:      layout_basic, minmay_temple_entry_glass, basic_altar,
          hangedman_feature_mirror, minmay_stone_trees_small, st_stairs_14
D:6:      layout_rooms, grunt_temple_overflow_open, uniq_eustachio,
          uniq_blork_the_orc, uniq_maggie, uniq_menkaure
D:7:      layout_gridville, kennysheep_mini_moat, nicolae_overflow_crystal_walls
D:8:      layout_loops_ring, blue_anna_alchemist [blue_anna_fruit_fields,
          blue_anna_fruit_fields]
D:9:      minmay_the_grid_plus [minmay_the_grid_tree,
          minmay_the_grid_small_cups, minmay_the_grid_outer_diamond,
          minmay_the_grid_spikes, minmay_the_grid_prize_inner_circle],
          layout_cave_pools, minmay_guarded_unrand_finisher
D:10:     layout_cave_pools, lair_entry_dummy, uniq_sonja
D:11:     layout_layer_cave, portal_ice_cave_entry_pillars_1
D:12:     layout_cave_pools, zombieorc2_lemuel, sword_in_stone
D:13:     layout_loops_ring, david_vaults_3, serial_shops, shop,
          kennysheep_little_box, shop, shop, corexii_hall_statues_s,
          chequers_serial_rivers_micro_b
D:14:     gargoyle_guard, layout_loops_corners, minivault_26, uniq_roxanne
D:15:     gammafunk_enter_depths_forms, layout_irregular_city,
          serial_bayou_pond_d
Temple:   cyrus_circular_temple
Lair:1:   layout_misc_corridors, uniq_harold
Lair:2:   layout_cave_pods, elwin_shoals_entry_rooms, gauntlet_entry_generic,
          chequers_serial_rivers_small_a, beast_lair_carwin_6
Lair:3:   layout_cave_pods, spider_nest_entry_web_field, grunt_megastairs_1,
          uniq_rupert
Lair:4:   layout_hall_layers, basic_altar, grunt_forest_large_clearings,
          lemuel_fruit_tree
Lair:5:   beast_lair_carwin_large_3, layout_misc_corridors
Lair:6:   gammafunk_lair_ancient_temple, layout_small_grid, slime_altar_2
Shoals:1: cheibrodos_shoals_oceanic_diplomacy, layout_shoals
Shoals:2: layout_shoals
Shoals:3: layout_shoals, uniq_polyphemus
Shoals:4: shoals_end_simple, layout_shoals
Spider:1: layout_spider_delve, gammafunk_ghost_berserking_beasts,
          hangedman_spider_trapstep
Spider:2: layout_spider_delve
Spider:3: layout_spider_delve, hangedman_spider_tarantella_strand
Spider:4: grunt_spider_rune_circles
Orc:1:    layout_caves, basic_altar, special_room [special_room_orc],
          serial_shops, shop, shop, shop, shop,
          chequers_guarded_unrand_ignorance, uniq_josephine
Orc:2:    grunt_orc_tribal_feast, layout_caves
Elf:1:    kennysheep_bubbly, layout_loops_corners, minmay_elf_demonology,
          einodemon_armed_red_devil_minivault, uniq_jorgrun
Elf:2:    layout_gridlike
Elf:3:    elf_hall_gauntlet_wide, layout_geoelf_octagon, serial_shops,
          shop_scrolls
Vaults:1: hangedman_vaults_variations, v_misc_10, vaults_room_stairs_pillars,
          grunt_vaults_funnel, nicolae_vaults_little_squares_6,
          vaults_room_hallway, v_misc_29, hangedman_vaults_impose, v_misc_11,
          hangedman_vaults_slice, vaults_room_grid,
          nicolae_vaults_specimen_jars, vaults_mumra_lcd,
          ontoclasm_vaults_ring_small, ontoclasm_vaults_loading_screen,
          layout_vaults_ring
Vaults:2: hangedman_vaults_locks, minmay_guarded_unrand_secular_launcher,
          minmay_crypt_entry_simple_statues, vaults_dpeg_spiral, v_misc_19,
          nicolae_vaults_windows_and_doors_thing,
          nicolae_vaults_little_squares_4, vaults_dpeg_ring, v_misc_14,
          vaults_room_semicircle, layout_vaults_chaotic_city, basic_altar
Vaults:3: nicolae_vaults_network_barrier, nicolae_vaults_little_squares_4,
          st_lines, hangedman_vaults_corner, v_misc_25, ontoclasm_vaults_idyll,
          ontoclasm_vaults_pinch, vaults_dpeg_cross,
          hangedman_vaults_restitches, v_misc_3, vaults_room_corners,
          nicolae_vaults_network_quinsquares
          [nicolae_vaults_network_quincunx_subvault,
          nicolae_vaults_network_quincunx_subvault,
          nicolae_vaults_network_quincunx_subvault,
          nicolae_vaults_network_quincunx_subvault],
          nicolae_vaults_ring_of_whatevers, vaults_room_door_ring,
          layout_vaults_big_cross, uniq_asterion
Vaults:4: v_misc_4, st_greater_box_1, nicolae_vaults_back_hallway,
          vaults_room_door_hall, layout_vaults_omnigrid, enter_trove_5,
          uniq_mennas
Vaults:5
Crypt:1:  layout_gridlike, serial_glass, glass_columns_c, glass_columns_a,
          feat_on_display, item_on_display_a, minmay_strange_pillars
Crypt:2:  layout_misc_corridors, uniq_sojobo
Crypt:3:  evilmike_haunted_forest, uniq_margery, uniq_mara, uniq_xtahua
Depths:1: layout_gridlike, hell_entry, marbit_kobold_abyss_entry,
          lemuel_flamethrower_hall, minmay_shop_star, serial_bayou_shore_b
Depths:2: spriggan_forest, hell_entry
Depths:3: hangedman_box_tower, layout_cave_pools, abyss_entry,
          grunt_hell_entry_dis_old, grunt_pan_entry_spiral,
          minmay_misc_feat_more_columns, uniq_saint_roka
Depths:4: kennysheep_large_vault, layout_cave_pools, hell_entry, abyss_entry,
          chequers_serial_rivers_small_3, minmay_misc_feat_columns
Depths:5: grunt_zot_entry_bicorn, layout_honeycomb, abyss_entry,
          chequers_serial_rivers_large_a, hell_entry, chequers_decorated_corner,
          serial_bayou_shore_b
Hell
Zot:1:    grunt_deathspiral_small, layout_onion, lemuel_flame_loot_1
Zot:2:    kennysheep_six_static_rooms, layout_cathedral_of_symmetry

Skill      XL: |  1  2  3  4  5  6  7  8  9 10 11 12 13 14 15 16 17 18 19 20 21 22 23 24 25 26 27 |
---------------+----------------------------------------------------------------------------------+-----
Earth Magic    | 4 5 6 7 8 9 10 11 12 13 14 15 16 17 18 20 | 20.9
Spellcasting   | 3 4 5 6 7 8 9 10 11 12 13 14 15 17 | 17.6
Conjurations   | 1 2 3 4 5 6 7 8 10 11 12 13 14 15 16 19 | 19.1
Fighting       | 1 2 4 5 6 8 9 10 11 12 13 14 15 16 18 | 18.8
Armour         | 1 2 4 5 6 9 10 15 | 15.2
Maces & Flails | 1 2 3 4 5 7 8 9 10 11 12 13 14 15 16 | 16.0
Dodging        | 2 3 4 5 6 7 8 9 10 11 12 13 15 | 15.0
Evocations     | 1 2 4 5 6 |  6.0
Fire Magic     | 6 12 16 17 18 19 20 21 22 | 22.2
Ice Magic      | 7 |  7.6
Stealth        | |  2.1
Transmutations | |  0.7

Action                   |  1- 3 |  4- 6 |  7- 9 | 10-12 | 13-15 | 16-18 | 19-21 | 22-24 | 25-27 || total
-------------------------+-------+-------+-------+-------+-------+-------+-------+-------+-------++-------
Melee: Club              |    67 |     1 |       |       |       |       |       |       |       ||    68
       Mace              |       |    58 |     2 |       |       |       |       |       |       ||    60
       Peck              |       |     3 |    16 |    94 |   168 |     8 |       |       |       ||   289
       Dagger            |       |       |   186 |   628 |   516 |       |       |       |       ||  1330
       Eveningstar       |       |       |       |       |   297 |   633 |   686 |   622 |  1150 ||  3388
 Cast: Sandblast         |    13 |    51 |    31 |   135 |    67 |    10 |    11 |     3 |       ||   321
       Stone Arrow       |       |       |     7 |    48 |    89 |       |       |       |     1 ||   145
       Lee's Rapid Decon |       |       |    22 |    61 |    74 |    46 |    52 |    15 |    45 ||   315
       Blink             |       |       |       |     2 |     1 |       |       |     1 |       ||     4
       Mephitic Cloud    |       |       |       |       |     3 |     8 |       |       |       ||    11
       Orb of Destructio |       |       |       |       |    21 |     4 |     1 |       |       ||    26
       Starburst         |       |       |       |       |    27 |    31 |     5 |       |     3 ||    66
       Iron Shot         |       |       |       |       |       |    47 |    82 |    54 |   123 ||   306
       Ignition          |       |       |       |       |       |     9 |    60 |    51 |    42 ||   162
       Fire Storm        |       |       |       |       |       |       |    15 |    32 |    90 ||   137
       Shatter           |       |       |       |       |       |       |       |    22 |    77 ||    99
 Abil: Fly               |       |       |       |       |     1 |       |       |       |     1 ||     2
       Evoke Invisibilit |       |       |       |       |       |     4 |     3 |       |       ||     7
       Stop Flying       |       |       |       |       |       |       |       |     1 |       ||     1
Evoke: Wand              |       |     5 |     4 |    15 |     9 |     6 |     5 |     1 |    24 ||    69
       Phantom mirror    |       |       |       |       |       |     1 |       |       |       ||     1
       Box of beasts     |       |       |       |       |       |       |       |     1 |       ||     1
  Use: Scroll            |       |     9 |     3 |    17 |    22 |    14 |     9 |     6 |    23 ||   103
       Potion            |       |     1 |     5 |     1 |     4 |     9 |     2 |    11 |    14 ||    47
 Stab: Sleeping          |     1 |     2 |     4 |     1 |     3 |     6 |     3 |     2 |     4 ||    26
       Distracted        |       |       |     1 |     1 |       |     3 |       |     3 |     3 ||    11
       Invisible         |       |       |     3 |       |       |     4 |     3 |       |       ||    10
       Confused          |       |       |       |       |     2 |     4 |       |       |       ||     6
  Eat: Chunk             |     1 |     4 |    12 |    22 |    44 |    27 |    67 |    52 |    85 ||   314
       Ration            |       |       |     1 |     5 |     4 |     5 |     6 |     4 |    13 ||    38
Armor: Robe              |    47 |    39 |   121 |   382 |   488 |   618 |   483 |   287 |   608 ||  3073
Dodge: Dodged            |    72 |    63 |   169 |   560 |   834 |   996 |   704 |   511 |  1224 ||  5133
Block: Other             |       |       |       |       |       |       |       |       |   138 ||   138

Table legend:
 A = Non-vault XP
 B = Vault XP
 C = Vault XP percentage of total XP
 D = Non-vault monster count
 E = Vault monster count
 F = Vault count percentage of total count
                 A         B        C        D         E       F
            +---------+---------+-------+---------+---------+-------
      Total |  743043 |  837692 |  53.0 |    1661 |    1093 |  39.7
            +---------+---------+-------+---------+---------+-------
        D:1 |      19 |       0 |   0.0 |      11 |       0 |   0.0
        D:2 |     201 |       0 |   0.0 |      14 |       0 |   0.0
        D:3 |     271 |       0 |   0.0 |      24 |       0 |   0.0
        D:4 |     663 |     795 |  54.5 |      32 |      16 |  33.3
        D:5 |     676 |      34 |   4.8 |      30 |       1 |   3.2
        D:6 |    1503 |     829 |  35.5 |      32 |       4 |  11.1
        D:7 |     583 |       0 |   0.0 |      13 |       0 |   0.0
        D:8 |    2119 |     103 |   4.6 |      34 |       1 |   2.9
        D:9 |    3635 |    2491 |  40.7 |      38 |      15 |  28.3
       D:10 |    2174 |     820 |  27.4 |      31 |       1 |   3.1
       D:11 |    6341 |    1077 |  14.5 |      53 |       2 |   3.6
       D:12 |    3056 |    3102 |  50.4 |      16 |      38 |  70.4
       D:13 |    7172 |    8805 |  55.1 |      28 |      20 |  41.7
       D:14 |    8899 |    6604 |  42.6 |      24 |      10 |  29.4
       D:15 |   11175 |    4377 |  28.1 |      23 |      12 |  34.3
     Lair:1 |    7400 |       0 |   0.0 |      22 |       0 |   0.0
     Lair:2 |    6424 |    1330 |  17.2 |      23 |       7 |  23.3
     Lair:3 |    4401 |    1412 |  24.3 |      21 |       5 |  19.2
     Lair:4 |    2329 |    3270 |  58.4 |      12 |      28 |  70.0
     Lair:5 |    5178 |    5170 |  50.0 |      18 |       9 |  33.3
     Lair:6 |   13439 |   10467 |  43.8 |      37 |      27 |  42.2
   Shoals:1 |    9596 |    5148 |  34.9 |      16 |      10 |  38.5
   Shoals:2 |   11310 |       0 |   0.0 |      24 |       0 |   0.0
   Shoals:3 |   17333 |    6583 |  27.5 |      33 |       6 |  15.4
   Shoals:4 |   16360 |   21733 |  57.1 |      32 |      36 |  52.9
   Spider:1 |   12431 |   11891 |  48.9 |      37 |      19 |  33.9
   Spider:2 |   23628 |     271 |   1.1 |      69 |       1 |   1.4
   Spider:3 |   26520 |     444 |   1.6 |      67 |       2 |   2.9
   Spider:4 |   17745 |   21779 |  55.1 |      43 |      37 |  46.2
      Orc:1 |    3534 |    4736 |  57.3 |      29 |      31 |  51.7
      Orc:2 |    5045 |    7425 |  59.5 |      49 |      29 |  37.2
      Elf:1 |   17932 |   15699 |  46.7 |      31 |      23 |  42.6
      Elf:2 |   13452 |     913 |   6.4 |      23 |       1 |   4.2
      Elf:3 |   12992 |   35328 |  73.1 |      21 |      23 |  52.3
   Vaults:1 |   45221 |   19408 |  30.0 |      83 |      34 |  29.1
   Vaults:2 |   52572 |   27449 |  34.3 |      96 |      40 |  29.4
   Vaults:3 |   18656 |   21683 |  53.8 |      38 |      33 |  46.5
   Vaults:4 |   34250 |   59287 |  63.4 |      63 |      46 |  42.2
   Vaults:5 |   27865 |  126767 |  82.0 |      37 |      89 |  70.6
    Crypt:1 |   26426 |       0 |   0.0 |      43 |       0 |   0.0
    Crypt:2 |   31257 |   10564 |  25.3 |      42 |       3 |   6.7
    Crypt:3 |       0 |   95929 | 100.0 |       0 |     116 | 100.0
   Depths:1 |   26282 |     567 |   2.1 |      30 |       3 |   9.1
   Depths:2 |    4639 |   61778 |  93.0 |      15 |      97 |  86.6
   Depths:3 |   29407 |  101374 |  77.5 |      43 |      90 |  67.7
   Depths:4 |   63169 |   62370 |  49.7 |      70 |      45 |  39.1
   Depths:5 |   35871 |   22314 |  38.4 |      35 |      14 |  28.6
       Hell |   14955 |    9303 |  38.4 |      20 |      20 |  50.0
      Zot:1 |   43057 |   27781 |  39.2 |      29 |      19 |  39.6
      Zot:2 |   13880 |       0 |   0.0 |       7 |       0 |   0.0
      IceCv |       0 |    4958 | 100.0 |       0 |      22 | 100.0
   Gauntlet |       0 |    3524 | 100.0 |       0 |       8 | 100.0
            +---------+---------+-------+---------+---------+-------
